Workbook

Sheet GCO-040-PDT-002-f-016_Consolida
D1: CONSOLIDADO ESTUDIO DE LA OFERTA | G1: CODIGO: GCO-040-PDT-002-f-016
G2: VERSION: 6
B3: Objeto del contrato: | C3: Prestar el servicio integral de vigilancia y seguridad en las instalaciones del DANE a nivel nacional, para la permanente y adecuada protección de las personas, usuarios, bienes muebles e inmuebles
B4: Descripción del bien o servicio | C4: Cantidad | D4: PROSEGUR VIGILANCIA Y SEGURIDAD PRIVADA LTDA | E4: SEGURIDAD LASER LTDA | F4: VIGILANCIA ACOSTA | G4: Valor Unitario Promedio Incluido IVA | H4: Valor Unitario Promedio Incluido IVA (redondeado) | I4: Valor total promedio por ítem (para cantidad requerida) incluido IVA
D5: 46204 | E5: 46134 | F5: 46238
D6: Valor unitario incluido IVA | E6: Valor unitario incluido IVA | F6: Valor unitario incluido IVA
B7: SERVICIO MODALIDAD/MEDIO HUMANO (valor servicio mensual)
B8: SEDE: CAN - CENTRAL: 12 HORAS DIURNAS DE LUNES A VIERNES (MEDIOS TECNOLÓGICOS)/ SIN ARMA (UNIDAD) | C8: 1 | D8: 5761702 | E8: 5764573.7 | F8: 5762156.4 | G8: =+(D8+E8+F8)/3 -> 5762810.7 | H8: =ROUND(G8,0) -> 5762811 | I8: =+H8*C8 -> 5762811
B9: SEDE: CAN - CENTRAL: 12 HORAS DIURNAS DE LUNES A VIERNES / SIN ARMA (UNIDAD) | C9: 8 | D9: 5761702 | E9: 5764573.7 | F9: 5762156.4 | G9: =+(D9+E9+F9)/3 -> 5762810.7 | H9: =ROUND(G9,0) -> 5762811 | I9: =+H9*C9 -> 46102488
B10: SEDE: CAN - CENTRAL: 24 HORAS DE DOMINGO A DOMINGO (MEDIOS TECNOLOGICOS) / SIN ARMA (UNIDAD) | C10: 1 | D10: 19673809 | E10: 19683614 | F10: 19675361 | G10: =+(D10+E10+F10)/3 -> 19677595 | H10: =ROUND(G10,0) -> 19677595 | I10: =+H10*C10 -> 19677595
B11: SEDE: CAN - CENTRAL: 24 HORAS DE DOMINGO A DOMINGO / SIN ARMA (UNIDAD) | C11: 2 | D11: 19673809 | E11: 19683614 | F11: 19675361 | G11: =+(D11+E11+F11)/3 -> 19677595 | H11: =ROUND(G11,0) -> 19677595 | I11: =+H11*C11 -> 39355190
B12: SEDE: CAN - CENTRAL: 24 HORAS DE DOMINGO A DOMINGO / CON ARMA (UNIDAD) | C12: 1 | D12: 20038139 | E12: 20048126 | F12: 20039719 | G12: =+(D12+E12+F12)/3 -> 20041995 | H12: =ROUND(G12,0) -> 20041995 | I12: =+H12*C12 -> 20041995
B13: SEDE: CASA ESMERALDA: 12 HORAS DIURNAS DE LUNES A VIERNES / SIN ARMA (UNIDAD) | C13: 1 | D13: 5761702 | E13: 5764573.7 | F13: 5762156.4 | G13: =+(D13+E13+F13)/3 -> 5762810.7 | H13: =ROUND(G13,0) -> 5762811 | I13: =+H13*C13 -> 5762811
B14: SEDE: BOGOTA: 12 HORAS DIURNAS DE LUNES A VIERNES / SIN ARMA (UNIDAD) | C14: 2 | D14: 5761702 | E14: 5764573.7 | F14: 19675361 | G14: =+(D14+E14+F14)/3 -> 10400545 | H14: =ROUND(G14,0) -> 10400545 | I14: =+H14*C14 -> 20801090
B15: SEDE: BOGOTA: 24 HORAS DE DOMINGO A DOMINGO / CON ARMA (UNIDAD) | C15: 1 | D15: 20038139 | E15: 20048126 | F15: 20039719 | G15: =+(D15+E15+F15)/3 -> 20041995 | H15: =ROUND(G15,0) -> 20041995 | I15: =+H15*C15 -> 20041995
B16: SEDE: LETICIA: 12 HORAS DIURNAS DE LUNES A VIERNES / SIN ARMA (UNIDAD) | C16: 1 | D16: 5761702 | E16: 5764573.7 | F16: 5762156.4 | G16: =+(D16+E16+F16)/3 -> 5762810.7 | H16: =ROUND(G16,0) -> 5762811 | I16: =+H16*C16 -> 5762811
B17: SEDE: IBAGUÉ: 12 HORAS DIURNAS DE LUNES A VIERNES / SIN ARMA (UNIDAD) | C17: 1 | D17: 5761702 | E17: 5764573.7 | F17: 5762156.4 | G17: =+(D17+E17+F17)/3 -> 5762810.7 | H17: =ROUND(G17,0) -> 5762811 | I17: =+H17*C17 -> 5762811
B18: SEDE: BARRANQUILLA: 24 HORAS DE DOMINGO A DOMINGO / CON ARMA (UNIDAD) | C18: 1 | D18: 20038139 | E18: 20048126 | F18: 20039719 | G18: =+(D18+E18+F18)/3 -> 20041995 | H18: =ROUND(G18,0) -> 20041995 | I18: =+H18*C18 -> 20041995
B19: SEDE: CARTAGENA: 12 HORAS DIURNAS DE LUNES A VIERNES / SIN ARMA (UNIDAD) | C19: 1 | D19: 5761702 | E19: 5764573.7 | F19: 5762156.4 | G19: =+(D19+E19+F19)/3 -> 5762810.7 | H19: =ROUND(G19,0) -> 5762811 | I19: =+H19*C19 -> 5762811
... B41: SEDE: YOPAL: 12 HORAS DIURNAS DE LUNES A VIERNES / SIN ARMA (UNIDAD) | C41: 1 | D41: 5761702 | E41: 5764573.7 | F41: 5762156.4 | G41: =+(D41+E41+F41)/3 -> 5762810.7 | H41: =ROUND(G41,0) -> 5762811 | I41: =+H41*C41 -> 5762811
B42: SERVICIO MODALIDAD/ALQUILER INTEGRAL DE MEDIOS TECNOLÓGICOS (valor alquiler mensual)
A43: DANE CENTRAL | B43: Botón Pánico Inalámbrico Receptor De Pánico Inalámbrico Con Dos Pulsadores). (UNIDAD); | C43: 3 | D43: 178500 | E43: 142660 | F43: 192780 | G43: =+(D43+E43+F43)/3 -> 171313.33 | H43: =ROUND(G43,0) -> 171313 | I43: =+H43*C43 -> 513939
B44: Cámara Exterior (Bala) Cámara Tipo Bullet, 1080, 2Mp, 20M Ir, Ip66, 2,8Mm Ó 3,6Mm,0,01Lux). (UNIDAD); | C44: 20 | D44: 333200 | E44: 152850 | F44: 333200 | G44: =+(D44+E44+F44)/3 -> 273083.33 | H44: =ROUND(G44,0) -> 273083 | I44: =+H44*C44 -> 5461660
B45: Cámara Interior (Domo) Cámara Tipo Mini Domo, 1080, 2Mp, Ip66, D/N, 2,8Mm Ó 3,6Mm, 0,01Lux). (UNIDAD); | C45: 70 | D45: 309400 | E45: 132470 | F45: 261800 | G45: =+(D45+E45+F45)/3 -> 234556.67 | H45: =ROUND(G45,0) -> 234557 | I45: =+H45*C45 -> 16418990
B46: Cámaras (Ptz) Cyber Domo Ptz 2Mp, Ir Turbo, 1080, 25X Optical Zoom, 0,005Lux, Digital Zoom 16X, Lente Auto 4,8Mm - 120Mm, Pan 360°, Til 160°, 10 Patrones, 32 Presets, Ptz Posición Display On/Off). (UNIDAD); | C46: 4 | D46: 1785000 | E46: 1375650 | F46: 481950 | G46: =+(D46+E46+F46)/3 -> 1214200 | H46: =ROUND(G46,0) -> 1214200 | I46: =+H46*C46 -> 4856800
B47: Control acceso de ingreso y salida biometrico sin contacto, lectura de 4 dedos en simultaneo, lectura sin contacto, para altos volumenes de personal (20000), con lectura de tarjetas, codigo QR y software licenciado. (UNIDAD); | C47: 7 | D47: 1666000 | E47: 4076000 | F47: 1487500 | G47: =+(D47+E47+F47)/3 -> 2409833.3 | H47: =ROUND(G47,0) -> 2409833 | I47: =+H47*C47 -> 16868831
B48: Dvr (16) Dd 2Tb Dvr Hd 1080P, Trihibrido, Conectividad Tcp/Ip, Salida Video Hdmi/Vga, Interface Sata). (UNIDAD); | C48: 7 | D48: 476000 | E48: 458550 | F48: 931770 | G48: =+(D48+E48+F48)/3 -> 622106.67 | H48: =ROUND(G48,0) -> 622107 | I48: =+H48*C48 -> 4354749
B49: Gabinete Metálico Para Alojar Equipos, Puerta Con Chapa). (UNIDAD); | C49: 2 | D49: 142800 | E49: 203800 | F49: 452200 | G49: =+(D49+E49+F49)/3 -> 266266.67 | H49: =ROUND(G49,0) -> 266267 | I49: =+H49*C49 -> 532534
B50: Joystick 3D, Rs 485, Multiprotocolo, Hasta 255 Dispositivos,). (UNIDAD); | C50: 1 | D50: 380800 | E50: 458550 | F50: 1677900 | G50: =+(D50+E50+F50)/3 -> 839083.33 | H50: =ROUND(G50,0) -> 839083 | I50: =+H50*C50 -> 839083
B51: Magnéticos Contacto Magnético Nc). (UNIDAD); | C51: 0 | D51: 41650 | E51: 18342 | F51: 71400 | G51: =+(D51+E51+F51)/3 -> 43797.333 | H51: =ROUND(G51,0) -> 43797 | I51: =+H51*C51 -> 0
B52: Monitor (Televisor 49") Televisor 49" Tipo Led). (UNIDAD); | C52: 18 | D52: 309400 | E52: 1019000 | F52: 69377 | G52: =+(D52+E52+F52)/3 -> 465925.67 | H52: =ROUND(G52,0) -> 465926 | I52: =+H52*C52 -> 8386668
B53: Sensor Infrarrojo Doble Tecnología Sensor Infrarrojo Microondas). (UNIDAD); | C53: 0 | D53: 83300 | E53: 127375 | F53: 19159 | G53: =+(D53+E53+F53)/3 -> 76611.333 | H53: =ROUND(G53,0) -> 76611 | I53: =+H53*C53 -> 0
B54: Sistema de control de acceso de personal para funcionarios de la entidad, utilizando reconocimiento biométrico de huella o facial con capacidad total para 2500 usuarios, ubicados a nivel nacional | C54: 1 | D54: 1190000 | E54: 12228000 | F54: 1785000 | G54: =+(D54+E54+F54)/3 -> 5067666.7 | H54: =ROUND(G54,0) -> 5067667 | I54: =+H54*C54 -> 5067667
A55: CASA ESMERALDA | B55: Botón Pánico Inalámbrico Receptor De Pánico Inalámbrico Con Dos Pulsadores). (UNIDAD); | C55: 1 | D55: 178500 | E55: 142660 | F55: 192780 | G55: =+(D55+E55+F55)/3 -> 171313.33 | H55: =ROUND(G55,0) -> 171313 | I55: =+H55*C55 -> 171313
B56: Cámara Exterior (Bala) Cámara Tipo Bullet, 1080, 2Mp, 20M Ir, Ip66, 2,8Mm Ó 3,6Mm,0,01Lux). (UNIDAD); | C56: 2 | D56: 333200 | E56: 152850 | F56: 333200 | G56: =+(D56+E56+F56)/3 -> 273083.33 | H56: =ROUND(G56,0) -> 273083 | I56: =+H56*C56 -> 546166
B57: Cámara Interior (Domo) Cámara Tipo Mini Domo, 1080, 2Mp, Ip66, D/N, 2,8Mm Ó 3,6Mm, 0,01Lux). (UNIDAD); | C57: 7 | D57: 309400 | E57: 132470 | F57: 261800 | G57: =+(D57+E57+F57)/3 -> 234556.67 | H57: =ROUND(G57,0) -> 234557 | I57: =+H57*C57 -> 1641899
B58: Control acceso de ingreso y salida biometrico sin contacto, lectura de 4 dedos en simultaneo, lectura sin contacto, para altos volumenes de personal (20000), con lectura de tarjetas, codigo QR y software licenciado. (UNIDAD); | C58: 0 | D58: 1666000 | E58: 1375650 | F58: 1487500 | G58: =+(D58+E58+F58)/3 -> 1509716.7 | H58: =ROUND(G58,0) -> 1509717 | I58: =+H58*C58 -> 0
B59: Dvr (16) Dd 2Tb Dvr Hd 1080P, Trihibrido, Conectividad Tcp/Ip, Salida Video Hdmi/Vga, Interface Sata). (UNIDAD); | C59: 1 | D59: 476000 | E59: 458550 | F59: 931770 | G59: =+(D59+E59+F59)/3 -> 622106.67 | H59: =ROUND(G59,0) -> 622107 | I59: =+H59*C59 -> 622107
B60: Gabinete Metálico Para Alojar Equipos, Puerta Con Chapa). (UNIDAD); | C60: 0 | D60: 142800 | E60: 203800 | F60: 452200 | G60: =+(D60+E60+F60)/3 -> 266266.67 | H60: =ROUND(G60,0) -> 266267 | I60: =+H60*C60 -> 0
B61: Sensor Infrarrojo Doble Tecnología Sensor Infrarrojo Microondas). (UNIDAD); | C61: 0 | D61: 83300 | E61: 25475 | F61: 19159 | G61: =+(D61+E61+F61)/3 -> 42644.667 | H61: =ROUND(G61,0) -> 42645 | I61: =+H61*C61 -> 0
A62: BODEGA PUERTAS DEL SOL | B62: Botón Pánico Inalámbrico Receptor De Pánico Inalámbrico Con Dos Pulsadores). (UNIDAD); | C62: 0 | D62: 178500 | E62: 458550 | F62: 192780 | G62: =+(D62+E62+F62)/3 -> 276610 | H62: =ROUND(G62,0) -> 276610 | I62: =+H62*C62 -> 0
B63: Cámara Interior (Domo) Cámara Tipo Mini Domo, 1080, 2Mp, Ip66, D/N, 2,8Mm Ó 3,6Mm, 0,01Lux). (UNIDAD); | C63: 0 | D63: 309400 | E63: 132470 | F63: 261800 | G63: =+(D63+E63+F63)/3 -> 234556.67 | H63: =ROUND(G63,0) -> 234557 | I63: =+H63*C63 -> 0
B64: Dvr (16) Dd 2Tb Dvr Hd 1080P, Trihibrido, Conectividad Tcp/Ip, Salida Video Hdmi/Vga, Interface Sata). (UNIDAD); | C64: 0 | D64: 476000 | E64: 458550 | F64: 931770 | G64: =+(D64+E64+F64)/3 -> 622106.67 | H64: =ROUND(G64,0) -> 622107 | I64: =+H64*C64 -> 0
B65: Gabinete Metálico Para Alojar Equipos, Puerta Con Chapa). (UNIDAD); | C65: 0 | D65: 142800 | E65: 203800 | F65: 452200 | G65: =+(D65+E65+F65)/3 -> 266266.67 | H65: =ROUND(G65,0) -> 266267 | I65: =+H65*C65 -> 0
B66: Sensor Infrarrojo Doble Tecnología Sensor Infrarrojo Microondas). (UNIDAD); | C66: 0 | D66: 83300 | E66: 25475 | F66: 19159 | G66: =+(D66+E66+F66)/3 -> 42644.667 | H66: =ROUND(G66,0) -> 42645 | I66: =+H66*C66 -> 0
A67: SEDE BOGOTÁ | B67: Botón Pánico Inalámbrico Receptor De Pánico Inalámbrico Con Dos Pulsadores). (UNIDAD); | C67: 1 | D67: 178500 | E67: 458550 | F67: 192780 | G67: =+(D67+E67+F67)/3 -> 276610 | H67: =ROUND(G67,0) -> 276610 | I67: =+H67*C67 -> 276610
B68: Cámara Exterior (Bala) Cámara Tipo Bullet, 1080, 2Mp, 20M Ir, Ip66, 2,8Mm Ó 3,6Mm,0,01Lux). (UNIDAD); | C68: 2 | D68: 333200 | E68: 152850 | F68: 333200 | G68: =+(D68+E68+F68)/3 -> 273083.33 | H68: =ROUND(G68,0) -> 273083 | I68: =+H68*C68 -> 546166
B69: Cámara Interior (Domo) Cámara Tipo Mini Domo, 1080, 2Mp, Ip66, D/N, 2,8Mm Ó 3,6Mm, 0,01Lux). (UNIDAD); | C69: 42 | D69: 309400 | E69: 132470 | F69: 261800 | G69: =+(D69+E69+F69)/3 -> 234556.67 | H69: =ROUND(G69,0) -> 234557 | I69: =+H69*C69 -> 9851394
B70: Control acceso de ingreso y salida biometrico sin contacto, lectura de 4 dedos en simultaneo, lectura sin contacto, para altos volumenes de personal (20000), con lectura de tarjetas, codigo QR y software licenciado. (UNIDAD); | C70: 0 | D70: 1666000 | E70: 1375650 | F70: 1487500 | G70: =+(D70+E70+F70)/3 -> 1509716.7 | H70: =ROUND(G70,0) -> 1509717 | I70: =+H70*C70 -> 0
B71: Dvr (16) Dd 2Tb Dvr Hd 1080P, Trihibrido, Conectividad Tcp/Ip, Salida Video Hdmi/Vga, Interface Sata). (UNIDAD); | C71: 3 | D71: 476000 | E71: 458550 | F71: 931770 | G71: =+(D71+E71+F71)/3 -> 622106.67 | H71: =ROUND(G71,0) -> 622107 | I71: =+H71*C71 -> 1866321
B72: Gabinete Metálico Para Alojar Equipos, Puerta Con Chapa). (UNIDAD); | C72: 0 | D72: 142800 | E72: 203800 | F72: 452200 | G72: =+(D72+E72+F72)/3 -> 266266.67 | H72: =ROUND(G72,0) -> 266267 | I72: =+H72*C72 -> 0
B73: Monitor (Televisor 22") Televisor 22" Tipo Led). (UNIDAD); | C73: 0 | D73: 190400 | E73: 1019000 | F73: 69377 | G73: =+(D73+E73+F73)/3 -> 426259 | H73: =ROUND(G73,0) -> 426259 | I73: =+H73*C73 -> 0
A74: SEDE LETICIA | B74: Botón Pánico Fijo Pulsador De Pánico Fijo Cableado Al Panel). (UNIDAD); | C74: 1 | D74: 107100 | E74: 458550 | F74: 273700 | G74: =+(D74+E74+F74)/3 -> 279783.33 | H74: =ROUND(G74,0) -> 279783 | I74: =+H74*C74 -> 279783
B75: Botón Pánico Inalámbrico Receptor De Pánico Inalámbrico Con Dos Pulsadores). (UNIDAD); | C75: 0 | D75: 178500 | E75: 458550 | F75: 192780 | G75: =+(D75+E75+F75)/3 -> 276610 | H75: =ROUND(G75,0) -> 276610 | I75: =+H75*C75 -> 0
B76: Cámara Exterior (Bala) Cámara Tipo Bullet, 1080, 2Mp, 20M Ir, Ip66, 2,8Mm Ó 3,6Mm,0,01Lux). (UNIDAD); | C76: 0 | D76: 333200 | E76: 152850 | F76: 333200 | G76: =+(D76+E76+F76)/3 -> 273083.33 | H76: =ROUND(G76,0) -> 273083 | I76: =+H76*C76 -> 0
B77: Cámara Interior (Domo) Cámara Tipo Mini Domo, 1080, 2Mp, Ip66, D/N, 2,8Mm Ó 3,6Mm, 0,01Lux). (UNIDAD); | C77: 3 | D77: 309400 | E77: 132470 | F77: 261800 | G77: =+(D77+E77+F77)/3 -> 234556.67 | H77: =ROUND(G77,0) -> 234557 | I77: =+H77*C77 -> 703671
B78: Control acceso de ingreso y salida biometrico sin contacto, lectura de 4 dedos en simultaneo, lectura sin contacto, para altos volumenes de personal (20000), con lectura de tarjetas, codigo QR y software licenciado. (UNIDAD); | C78: 0 | D78: 1666000 | E78: 1375650 | F78: 1487500 | G78: =+(D78+E78+F78)/3 -> 1509716.7 | H78: =ROUND(G78,0) -> 1509717 | I78: =+H78*C78 -> 0
B79: Dvr (8) Dd 2Tb Dvr Hd 1080P, Trihibrido, Conectividad Tcp/Ip, Salida Video Hdmi/Vga, Interface Sata). (UNIDAD); | C79: 1 | D79: 380800 | E79: 458550 | F79: 771715 | G79: =+(D79+E79+F79)/3 -> 537021.67 | H79: =ROUND(G79,0) -> 537022 | I79: =+H79*C79 -> 537022
B80: Gabinete Metálico Para Alojar Equipos, Puerta Con Chapa). (UNIDAD); | C80: 0 | D80: 142800 | E80: 203800 | F80: 452200 | G80: =+(D80+E80+F80)/3 -> 266266.67 | H80: =ROUND(G80,0) -> 266267 | I80: =+H80*C80 -> 0
B81: Sensor Infrarrojo Doble Tecnología Sensor Infrarrojo Microondas). (UNIDAD); | C81: 0 | D81: 83300 | E81: 25475 | F81: 19159 | G81: =+(D81+E81+F81)/3 -> 42644.667 | H81: =ROUND(G81,0) -> 42645 | I81: =+H81*C81 -> 0
A82: SEDE IBAGUÉ | B82: Botón Pánico Fijo Pulsador De Pánico Fijo Cableado Al Panel). (UNIDAD); | C82: 1 | D82: 107100 | E82: 458550 | F82: 273700 | G82: =+(D82+E82+F82)/3 -> 279783.33 | H82: =ROUND(G82,0) -> 279783 | I82: =+H82*C82 -> 279783
B83: Cámara Interior (Domo) Cámara Tipo Mini Domo, 1080, 2Mp, Ip66, D/N, 2,8Mm Ó 3,6Mm, 0,01Lux). (UNIDAD); | C83: 2 | D83: 309400 | E83: 132470 | F83: 261800 | G83: =+(D83+E83+F83)/3 -> 234556.67 | H83: =ROUND(G83,0) -> 234557 | I83: =+H83*C83 -> 469114
B84: Control acceso de ingreso y salida biometrico sin contacto, lectura de 4 dedos en simultaneo, lectura sin contacto, para altos volumenes de personal (20000), con lectura de tarjetas, codigo QR y software licenciado. (UNIDAD); | C84: 0 | D84: 1666000 | E84: 1375650 | F84: 1487500 | G84: =+(D84+E84+F84)/3 -> 1509716.7 | H84: =ROUND(G84,0) -> 1509717 | I84: =+H84*C84 -> 0
B85: Dvr (8) Dd 2Tb Dvr Hd 1080P, Trihibrido, Conectividad Tcp/Ip, Salida Video Hdmi/Vga, Interface Sata). (UNIDAD); | C85: 1 | D85: 380800 | E85: 458550 | F85: 771715 | G85: =+(D85+E85+F85)/3 -> 537021.67 | H85: =ROUND(G85,0) -> 537022 | I85: =+H85*C85 -> 537022
B86: Gabinete Metálico Para Alojar Equipos, Puerta Con Chapa). (UNIDAD); | C86: 0 | D86: 142800 | E86: 203800 | F86: 452200 | G86: =+(D86+E86+F86)/3 -> 266266.67 | H86: =ROUND(G86,0) -> 266267 | I86: =+H86*C86 -> 0
B87: Magnéticos Contacto Magnético Nc). (UNIDAD); | C87: 0 | D87: 41650 | E87: 18342 | F87: 71400 | G87: =+(D87+E87+F87)/3 -> 43797.333 | H87: =ROUND(G87,0) -> 43797 | I87: =+H87*C87 -> 0
B88: Sensor Infrarrojo Doble Tecnología Sensor Infrarrojo Microondas). (UNIDAD); | C88: 0 | D88: 83300 | E88: 25475 | F88: 19159 | G88: =+(D88+E88+F88)/3 -> 42644.667 | H88: =ROUND(G88,0) -> 42645 | I88: =+H88*C88 -> 0
A89: SIPSA BOGOTÁ | B89: Cámara Interior (Domo) Cámara Tipo Mini Domo, 1080, 2Mp, Ip66, D/N, 2,8Mm Ó 3,6Mm, 0,01Lux). (UNIDAD); | C89: 2 | D89: 309400 | E89: 132470 | F89: 261800 | G89: =+(D89+E89+F89)/3 -> 234556.67 | H89: =ROUND(G89,0) -> 234557 | I89: =+H89*C89 -> 469114
B90: Control acceso de ingreso y salida biometrico sin contacto, lectura de 4 dedos en simultaneo, lectura sin contacto, para altos volumenes de personal (20000), con lectura de tarjetas, codigo QR y software licenciado. (UNIDAD); | C90: 0 | D90: 1666000 | E90: 1375650 | F90: 1487500 | G90: =+(D90+E90+F90)/3 -> 1509716.7 | H90: =ROUND(G90,0) -> 1509717 | I90: =+H90*C90 -> 0
B91: Dvr (8) Dd 2Tb Dvr Hd 1080P, Trihibrido, Conectividad Tcp/Ip, Salida Video Hdmi/Vga, Interface Sata). (UNIDAD); | C91: 1 | D91: 380800 | E91: 458550 | F91: 771715 | G91: =+(D91+E91+F91)/3 -> 537021.67 | H91: =ROUND(G91,0) -> 537022 | I91: =+H91*C91 -> 537022
B92: Gabinete Metálico Para Alojar Equipos, Puerta Con Chapa). (UNIDAD); | C92: 0 | D92: 142800 | E92: 203800 | F92: 452200 | G92: =+(D92+E92+F92)/3 -> 266266.67 | H92: =ROUND(G92,0) -> 266267 | I92: =+H92*C92 -> 0
B93: Magnéticos Contacto Magnético Nc). (UNIDAD); | C93: 1 | D93: 41650 | E93: 18342 | F93: 71400 | G93: =+(D93+E93+F93)/3 -> 43797.333 | H93: =ROUND(G93,0) -> 43797 | I93: =+H93*C93 -> 43797
B94: Sensor Infrarrojo Doble Tecnología Sensor Infrarrojo Microondas). (UNIDAD); | C94: 0 | D94: 83300 | E94: 25475 | F94: 19159 | G94: =+(D94+E94+F94)/3 -> 42644.667 | H94: =ROUND(G94,0) -> 42645 | I94: =+H94*C94 -> 0
A95: SEDE BARRANQUILLA | B95: Botón Pánico Fijo Pulsador De Pánico Fijo Cableado Al Panel). (UNIDAD); | C95: 1 | D95: 107100 | E95: 458550 | F95: 273700 | G95: =+(D95+E95+F95)/3 -> 279783.33 | H95: =ROUND(G95,0) -> 279783 | I95: =+H95*C95 -> 279783
B96: Cámara Exterior (Bala) Cámara Tipo Bullet, 1080, 2Mp, 20M Ir, Ip66, 2,8Mm Ó 3,6Mm,0,01Lux). (UNIDAD); | C96: 4 | D96: 333200 | E96: 152850 | F96: 333200 | G96: =+(D96+E96+F96)/3 -> 273083.33 | H96: =ROUND(G96,0) -> 273083 | I96: =+H96*C96 -> 1092332
B97: Cámara Interior (Domo) Cámara Tipo Mini Domo, 1080, 2Mp, Ip66, D/N, 2,8Mm Ó 3,6Mm, 0,01Lux). (UNIDAD); | C97: 19 | D97: 309400 | E97: 132470 | F97: 261800 | G97: =+(D97+E97+F97)/3 -> 234556.67 | H97: =ROUND(G97,0) -> 234557 | I97: =+H97*C97 -> 4456583
B98: Control acceso de ingreso y salida biometrico sin contacto, lectura de 4 dedos en simultaneo, lectura sin contacto, para altos volumenes de personal (20000), con lectura de tarjetas, codigo QR y software licenciado. (UNIDAD); | C98: 0 | D98: 1666000 | E98: 1375650 | F98: 1487500 | G98: =+(D98+E98+F98)/3 -> 1509716.7 | H98: =ROUND(G98,0) -> 1509717 | I98: =+H98*C98 -> 0
B99: Dvr (16) Dd 2Tb Dvr Hd 1080P, Trihibrido, Conectividad Tcp/Ip, Salida Video Hdmi/Vga, Interface Sata). (UNIDAD); | C99: 1 | D99: 476000 | E99: 458550 | F99: 931770 | G99: =+(D99+E99+F99)/3 -> 622106.67 | H99: =ROUND(G99,0) -> 622107 | I99: =+H99*C99 -> 622107
B100: Dvr (8) Dd 2Tb Dvr Hd 1080P, Trihibrido, Conectividad Tcp/Ip, Salida Video Hdmi/Vga, Interface Sata). (UNIDAD); | C100: 1 | D100: 380800 | E100: 407600 | F100: 771715 | G100: =+(D100+E100+F100)/3 -> 520038.33 | H100: =ROUND(G100,0) -> 520038 | I100: =+H100*C100 -> 520038
B101: Gabinete Metálico Para Alojar Equipos, Puerta Con Chapa). (UNIDAD); | C101: 0 | D101: 142800 | E101: 203800 | F101: 452200 | G101: =+(D101+E101+F101)/3 -> 266266.67 | H101: =ROUND(G101,0) -> 266267 | I101: =+H101*C101 -> 0
B102: Sensor Infrarrojo Doble Tecnología Sensor Infrarrojo Microondas). (UNIDAD); | C102: 0 | D102: 83300 | E102: 25475 | F102: 19159 | G102: =+(D102+E102+F102)/3 -> 42644.667 | H102: =ROUND(G102,0) -> 42645 | I102: =+H102*C102 -> 0
A103: SEDE CARTAGENA | B103: Botón Pánico Fijo Pulsador De Pánico Fijo Cableado Al Panel). (UNIDAD); | C103: 2 | D103: 107100 | E103: 458550 | F103: 273700 | G103: =+(D103+E103+F103)/3 -> 279783.33 | H103: =ROUND(G103,0) -> 279783 | I103: =+H103*C103 -> 559566
B104: Cámara Interior (Domo) Cámara Tipo Mini Domo, 1080, 2Mp, Ip66, D/N, 2,8Mm Ó 3,6Mm, 0,01Lux). (UNIDAD); | C104: 4 | D104: 309400 | E104: 132470 | F104: 261800 | G104: =+(D104+E104+F104)/3 -> 234556.67 | H104: =ROUND(G104,0) -> 234557 | I104: =+H104*C104 -> 938228
B105: Control acceso de ingreso y salida biometrico sin contacto, lectura de 4 dedos en simultaneo, lectura sin contacto, para altos volumenes de personal (20000), con lectura de tarjetas, codigo QR y software licenciado. (UNIDAD); | C105: 0 | D105: 1666000 | E105: 1375650 | F105: 1487500 | G105: =+(D105+E105+F105)/3 -> 1509716.7 | H105: =ROUND(G105,0) -> 1509717 | I105: =+H105*C105 -> 0
B106: Dvr (8) Dd 2Tb Dvr Hd 1080P, Trihibrido, Conectividad Tcp/Ip, Salida Video Hdmi/Vga, Interface Sata). (UNIDAD); | C106: 1 | D106: 380800 | E106: 407600 | F106: 771715 | G106: =+(D106+E106+F106)/3 -> 520038.33 | H106: =ROUND(G106,0) -> 520038 | I106: =+H106*C106 -> 520038
B107: Gabinete Metálico Para Alojar Equipos, Puerta Con Chapa). (UNIDAD); | C107: 0 | D107: 142800 | E107: 203800 | F107: 452200 | G107: =+(D107+E107+F107)/3 -> 266266.67 | H107: =ROUND(G107,0) -> 266267 | I107: =+H107*C107 -> 0
B108: Magnéticos Contacto Magnético Nc). (UNIDAD); | C108: 0 | D108: 41650 | E108: 18342 | F108: 71400 | G108: =+(D108+E108+F108)/3 -> 43797.333 | H108: =ROUND(G108,0) -> 43797 | I108: =+H108*C108 -> 0
B109: Sensor Infrarrojo Doble Tecnología Sensor Infrarrojo Microondas). (UNIDAD); | C109: 0 | D109: 83300 | E109: 25475 | F109: 19159 | G109: =+(D109+E109+F109)/3 -> 42644.667 | H109: =ROUND(G109,0) -> 42645 | I109: =+H109*C109 -> 0
A110: SEDE RIOHACHA | B110: Botón Pánico Fijo Pulsador De Pánico Fijo Cableado Al Panel). (UNIDAD); | C110: 3 | D110: 107100 | E110: 458550 | F110: 273700 | G110: =+(D110+E110+F110)/3 -> 279783.33 | H110: =ROUND(G110,0) -> 279783 | I110: =+H110*C110 -> 839349
B111: Cámara Exterior (Bala) Cámara Tipo Bullet, 1080, 2Mp, 20M Ir, Ip66, 2,8Mm Ó 3,6Mm,0,01Lux). (UNIDAD); | C111: 2 | D111: 333200 | E111: 152850 | F111: 333200 | G111: =+(D111+E111+F111)/3 -> 273083.33 | H111: =ROUND(G111,0) -> 273083 | I111: =+H111*C111 -> 546166
B112: Cámara Interior (Domo) Cámara Tipo Mini Domo, 1080, 2Mp, Ip66, D/N, 2,8Mm Ó 3,6Mm, 0,01Lux). (UNIDAD); | C112: 7 | D112: 309400 | E112: 132470 | F112: 261800 | G112: =+(D112+E112+F112)/3 -> 234556.67 | H112: =ROUND(G112,0) -> 234557 | I112: =+H112*C112 -> 1641899
B113: Control acceso de ingreso y salida biometrico sin contacto, lectura de 4 dedos en simultaneo, lectura sin contacto, para altos volumenes de personal (20000), con lectura de tarjetas, codigo QR y software licenciado. (UNIDAD); | C113: 0 | D113: 1666000 | E113: 1375650 | F113: 1487500 | G113: =+(D113+E113+F113)/3 -> 1509716.7 | H113: =ROUND(G113,0) -> 1509717 | I113: =+H113*C113 -> 0
B114: Dvr (16) Dd 2Tb Dvr Hd 1080P, Trihibrido, Conectividad Tcp/Ip, Salida Video Hdmi/Vga, Interface Sata). (UNIDAD); | C114: 1 | D114: 476000 | E114: 458550 | F114: 931770 | G114: =+(D114+E114+F114)/3 -> 622106.67 | H114: =ROUND(G114,0) -> 622107 | I114: =+H114*C114 -> 622107
B115: Gabinete Metálico Para Alojar Equipos, Puerta Con Chapa). (UNIDAD); | C115: 0 | D115: 142800 | E115: 203800 | F115: 452200 | G115: =+(D115+E115+F115)/3 -> 266266.67 | H115: =ROUND(G115,0) -> 266267 | I115: =+H115*C115 -> 0
B116: Magnéticos Contacto Magnético Nc). (UNIDAD); | C116: 2 | D116: 41650 | E116: 18342 | F116: 71400 | G116: =+(D116+E116+F116)/3 -> 43797.333 | H116: =ROUND(G116,0) -> 43797 | I116: =+H116*C116 -> 87594
B117: Sensor Infrarrojo Doble Tecnología Sensor Infrarrojo Microondas). (UNIDAD); | C117: 0 | D117: 83300 | E117: 25475 | F117: 19159 | G117: =+(D117+E117+F117)/3 -> 42644.667 | H117: =ROUND(G117,0) -> 42645 | I117: =+H117*C117 -> 0
A118: SEDE SAN ANDRÉS | B118: Botón Pánico Inalámbrico Receptor De Pánico Inalámbrico Con Dos Pulsadores). (UNIDAD); | C118: 0 | D118: 178500 | E118: 458550 | F118: 192780 | G118: =+(D118+E118+F118)/3 -> 276610 | H118: =ROUND(G118,0) -> 276610 | I118: =+H118*C118 -> 0
B119: Cámara Exterior (Bala) Cámara Tipo Bullet, 1080, 2Mp, 20M Ir, Ip66, 2,8Mm Ó 3,6Mm,0,01Lux). (UNIDAD); | C119: 2 | D119: 333200 | E119: 152850 | F119: 333200 | G119: =+(D119+E119+F119)/3 -> 273083.33 | H119: =ROUND(G119,0) -> 273083 | I119: =+H119*C119 -> 546166
B120: Cámara Interior (Domo) Cámara Tipo Mini Domo, 1080, 2Mp, Ip66, D/N, 2,8Mm Ó 3,6Mm, 0,01Lux). (UNIDAD); | C120: 10 | D120: 309400 | E120: 132470 | F120: 261800 | G120: =+(D120+E120+F120)/3 -> 234556.67 | H120: =ROUND(G120,0) -> 234557 | I120: =+H120*C120 -> 2345570
B121: Control acceso de ingreso y salida biometrico sin contacto, lectura de 4 dedos en simultaneo, lectura sin contacto, para altos volumenes de personal (20000), con lectura de tarjetas, codigo QR y software licenciado. (UNIDAD); | C121: 0 | D121: 1666000 | E121: 1375650 | F121: 1487500 | G121: =+(D121+E121+F121)/3 -> 1509716.7 | H121: =ROUND(G121,0) -> 1509717 | I121: =+H121*C121 -> 0
...

Sheet Costos
B1: Descripción del bien o servicio | C1: Cantidad Requerida | D1: VALOR UNITARIO CONTRATO ACTUAL | E1: VALOR UNITARIO INDEXADO 2026 | F1: VALOR UNITARIO COTIZACIONES 2026 | G1: Valor total promedio por ítem indexado(para cantidad requerida) incluido IVA | H1: Valor total promedio por ítem Cotizaciones incluido IVA
B4: SERVICIO MODALIDAD/MEDIO HUMANO (valor servicio mensual)
B5: SEDE: CAN - CENTRAL: 12 HORAS DIURNAS DE LUNES A VIERNES (MEDIOS TECNOLÓGICOS)/ SIN ARMA (UNIDAD) | C5: 1 | D5: 5761948.1 | E5: 5761948.1 | F5: ='GCO-040-PDT-002-f-016_Consolida'!H8 -> 5762811 | G5: =ROUNDUP(C5*E5,0) -> 5761949 | H5: =F5*C5 -> 5762811
B6: SEDE: CAN - CENTRAL: 12 HORAS DIURNAS DE LUNES A VIERNES / SIN ARMA (UNIDAD) | C6: 8 | D6: 5761948.1 | E6: 5761948.1 | F6: ='GCO-040-PDT-002-f-016_Consolida'!H9 -> 5762811 | G6: =ROUNDUP(C6*E6,0) -> 46095585 | H6: =F6*C6 -> 46102488
B7: SEDE: CAN - CENTRAL: 24 HORAS DE DOMINGO A DOMINGO (MEDIOS TECNOLOGICOS) / SIN ARMA (UNIDAD) | C7: 1 | D7: 19674535 | E7: 19674535 | F7: ='GCO-040-PDT-002-f-016_Consolida'!H10 -> 19677595 | G7: =ROUNDUP(C7*E7,0) -> 19674536 | H7: =F7*C7 -> 19677595
B8: SEDE: CAN - CENTRAL: 24 HORAS DE DOMINGO A DOMINGO / SIN ARMA (UNIDAD) | C8: 2 | D8: 19674535 | E8: 19674535 | F8: ='GCO-040-PDT-002-f-016_Consolida'!H11 -> 19677595 | G8: =ROUNDUP(C8*E8,0) -> 39349071 | H8: =F8*C8 -> 39355190
B9: SEDE: CAN - CENTRAL: 24 HORAS DE DOMINGO A DOMINGO / CON ARMA (UNIDAD) | C9: 1 | D9: 20038879 | E9: 20038879 | F9: ='GCO-040-PDT-002-f-016_Consolida'!H12 -> 20041995 | G9: =ROUNDUP(C9*E9,0) -> 20038879 | H9: =F9*C9 -> 20041995
B10: SEDE: CASA ESMERALDA: 12 HORAS DIURNAS DE LUNES A VIERNES / SIN ARMA (UNIDAD) | C10: 1 | D10: 5761948.1 | E10: 5761948.1 | F10: ='GCO-040-PDT-002-f-016_Consolida'!H13 -> 5762811 | G10: =ROUNDUP(C10*E10,0) -> 5761949 | H10: =F10*C10 -> 5762811
B11: SEDE: BOGOTA: 12 HORAS DIURNAS DE LUNES A VIERNES / SIN ARMA (UNIDAD) | C11: 2 | D11: 5761948.1 | E11: 5761948.1 | F11: ='GCO-040-PDT-002-f-016_Consolida'!H14 -> 10400545 | G11: =ROUNDUP(C11*E11,0) -> 11523897 | H11: =F11*C11 -> 20801090
B12: SEDE: BOGOTA: 24 HORAS DE DOMINGO A DOMINGO / CON ARMA (UNIDAD) | C12: 1 | D12: 20038879 | E12: 20038879 | F12: ='GCO-040-PDT-002-f-016_Consolida'!H15 -> 20041995 | G12: =ROUNDUP(C12*E12,0) -> 20038879 | H12: =F12*C12 -> 20041995
B13: SEDE: LETICIA: 12 HORAS DIURNAS DE LUNES A VIERNES / SIN ARMA (UNIDAD) | C13: 1 | D13: 5654512.4 | E13: 5654512.4 | F13: ='GCO-040-PDT-002-f-016_Consolida'!H16 -> 5762811 | G13: =ROUNDUP(C13*E13,0) -> 5654513 | H13: =F13*C13 -> 5762811
B14: SEDE: IBAGUÉ: 12 HORAS DIURNAS DE LUNES A VIERNES / SIN ARMA (UNIDAD) | C14: 1 | D14: 5761948.1 | E14: 5761948.1 | F14: ='GCO-040-PDT-002-f-016_Consolida'!H17 -> 5762811 | G14: =ROUNDUP(C14*E14,0) -> 5761949 | H14: =F14*C14 -> 5762811
B15: SEDE: BARRANQUILLA: 24 HORAS DE DOMINGO A DOMINGO / CON ARMA (UNIDAD) | C15: 1 | D15: 20038879 | E15: 20038879 | F15: ='GCO-040-PDT-002-f-016_Consolida'!H18 -> 20041995 | G15: =ROUNDUP(C15*E15,0) -> 20038879 | H15: =F15*C15 -> 20041995
B16: SEDE: CARTAGENA: 12 HORAS DIURNAS DE LUNES A VIERNES / SIN ARMA (UNIDAD) | C16: 1 | D16: 5761948.1 | E16: 5761948.1 | F16: ='GCO-040-PDT-002-f-016_Consolida'!H19 -> 5762811 | G16: =ROUNDUP(C16*E16,0) -> 5761949 | H16: =F16*C16 -> 5762811
... B38: SEDE: YOPAL: 12 HORAS DIURNAS DE LUNES A VIERNES / SIN ARMA (UNIDAD) | C38: 1 | D38: 5761948.1 | E38: 5761948.1 | F38: ='GCO-040-PDT-002-f-016_Consolida'!H41 -> 5762811 | G38: =ROUNDUP(C38*E38,0) -> 5761949 | H38: =F38*C38 -> 5762811
B39: SERVICIO MODALIDAD/ALQUILER INTEGRAL DE MEDIOS TECNOLÓGICOS (valor alquiler mensual)
A40: DANE CENTRAL | B40: Botón Pánico Inalámbrico Receptor De Pánico Inalámbrico Con Dos Pulsadores). (UNIDAD); | C40: 3 | D40: 97956.59 | E40: =D40*1.0614 -> 103971.12 | F40: ='GCO-040-PDT-002-f-016_Consolida'!H43 -> 171313 | G40: =ROUNDUP(C40*E40,0) -> 311914 | H40: =F40*C40 -> 513939
B41: Cámara Exterior (Bala) Cámara Tipo Bullet, 1080, 2Mp, 20M Ir, Ip66, 2,8Mm Ó 3,6Mm,0,01Lux). (UNIDAD); | C41: 20 | D41: 209207.36 | E41: =D41*1.0614 -> 222052.69 | F41: ='GCO-040-PDT-002-f-016_Consolida'!H44 -> 273083 | G41: =ROUNDUP(C41*E41,0) -> 4441054 | H41: =F41*C41 -> 5461660
B42: Cámara Interior (Domo) Cámara Tipo Mini Domo, 1080, 2Mp, Ip66, D/N, 2,8Mm Ó 3,6Mm, 0,01Lux). (UNIDAD); | C42: 70 | D42: 205377.72 | E42: =D42*1.0614 -> 217987.91 | F42: ='GCO-040-PDT-002-f-016_Consolida'!H45 -> 234557 | G42: =ROUNDUP(C42*E42,0) -> 15259154 | H42: =F42*C42 -> 16418990
B43: Cámaras (Ptz) Cyber Domo Ptz 2Mp, Ir Turbo, 1080, 25X Optical Zoom, 0,005Lux, Digital Zoom 16X, Lente Auto 4,8Mm - 120Mm, Pan 360°, Til 160°, 10 Patrones, 32 Presets, Ptz Posición Display On/Off). (UNIDAD); | C43: 4 | D43: 388995.52 | E43: =D43*1.0614 -> 412879.84 | F43: ='GCO-040-PDT-002-f-016_Consolida'!H46 -> 1214200 | G43: =ROUNDUP(C43*E43,0) -> 1651520 | H43: =F43*C43 -> 4856800
B44: Control acceso de ingreso y salida biometrico sin contacto, lectura de 4 dedos en simultaneo, lectura sin contacto, para altos volumenes de personal (20000), con lectura de tarjetas, codigo QR y software licenciado. (UNIDAD); | C44: 7 | D44: 4590752.6 | E44: =D44*1.0614 -> 4872624.8 | F44: ='GCO-040-PDT-002-f-016_Consolida'!H47 -> 2409833 | G44: =ROUNDUP(C44*E44,0) -> 34108374 | H44: =F44*C44 -> 16868831
B45: Dvr (16) Dd 2Tb Dvr Hd 1080P, Trihibrido, Conectividad Tcp/Ip, Salida Video Hdmi/Vga, Interface Sata). (UNIDAD); | C45: 7 | D45: 595200.06 | E45: =D45*1.0614 -> 631745.34 | F45: ='GCO-040-PDT-002-f-016_Consolida'!H48 -> 622107 | G45: =ROUNDUP(C45*E45,0) -> 4422218 | H45: =F45*C45 -> 4354749
B46: Gabinete Metálico Para Alojar Equipos, Puerta Con Chapa). (UNIDAD); | C46: 2 | D46: 304733.79 | E46: =D46*1.0614 -> 323444.44 | F46: ='GCO-040-PDT-002-f-016_Consolida'!H49 -> 266267 | G46: =ROUNDUP(C46*E46,0) -> 646889 | H46: =F46*C46 -> 532534
B47: Joystick 3D, Rs 485, Multiprotocolo, Hasta 255 Dispositivos,). (UNIDAD); | C47: 1 | D47: 1310141.5 | E47: =D47*1.0614 -> 1390584.2 | F47: ='GCO-040-PDT-002-f-016_Consolida'!H50 -> 839083 | G47: =ROUNDUP(C47*E47,0) -> 1390585 | H47: =F47*C47 -> 839083
B48: Magnéticos Contacto Magnético Nc). (UNIDAD); | C48: 0 | D48: 0 | E48: =D48*1.0614 -> 0 | F48: ='GCO-040-PDT-002-f-016_Consolida'!H51 -> 43797 | G48: =ROUNDUP(C48*E48,0) -> 0 | H48: =F48*C48 -> 0
B49: Monitor (Televisor 49") Televisor 49" Tipo Led). (UNIDAD); | C49: 18 | D49: 40669.27 | E49: =D49*1.0614 -> 43166.363 | F49: ='GCO-040-PDT-002-f-016_Consolida'!H52 -> 465926 | G49: =ROUNDUP(C49*E49,0) -> 776995 | H49: =F49*C49 -> 8386668
B50: Sensor Infrarrojo Doble Tecnología Sensor Infrarrojo Microondas). (UNIDAD); | C50: 0 | D50: 0 | E50: =D50*1.0614 -> 0 | F50: ='GCO-040-PDT-002-f-016_Consolida'!H53 -> 76611 | G50: =ROUNDUP(C50*E50,0) -> 0 | H50: =F50*C50 -> 0
B51: Sistema de control de acceso de personal para funcionarios de la entidad, utilizando reconocimiento biométrico de huella o facial con capacidad total para 2500 usuarios, ubicados a nivel nacional | C51: 1 | D51: 886737.12 | E51: =D51*1.0614 -> 941182.78 | F51: ='GCO-040-PDT-002-f-016_Consolida'!H54 -> 5067667 | G51: =ROUNDUP(C51*E51,0) -> 941183 | H51: =F51*C51 -> 5067667
A52: CASA ESMERALDA | B52: Botón Pánico Inalámbrico Receptor De Pánico Inalámbrico Con Dos Pulsadores). (UNIDAD); | C52: 1 | D52: 97956.59 | E52: =D52*1.0614 -> 103971.12 | F52: ='GCO-040-PDT-002-f-016_Consolida'!H55 -> 171313 | G52: =ROUNDUP(C52*E52,0) -> 103972 | H52: =F52*C52 -> 171313
B53: Cámara Exterior (Bala) Cámara Tipo Bullet, 1080, 2Mp, 20M Ir, Ip66, 2,8Mm Ó 3,6Mm,0,01Lux). (UNIDAD); | C53: 2 | D53: 209207.36 | E53: =D53*1.0614 -> 222052.69 | F53: ='GCO-040-PDT-002-f-016_Consolida'!H56 -> 273083 | G53: =ROUNDUP(C53*E53,0) -> 444106 | H53: =F53*C53 -> 546166
B54: Cámara Interior (Domo) Cámara Tipo Mini Domo, 1080, 2Mp, Ip66, D/N, 2,8Mm Ó 3,6Mm, 0,01Lux). (UNIDAD); | C54: 7 | D54: 205377.72 | E54: =D54*1.0614 -> 217987.91 | F54: ='GCO-040-PDT-002-f-016_Consolida'!H57 -> 234557 | G54: =ROUNDUP(C54*E54,0) -> 1525916 | H54: =F54*C54 -> 1641899
B55: Control acceso de ingreso y salida biometrico sin contacto, lectura de 4 dedos en simultaneo, lectura sin contacto, para altos volumenes de personal (20000), con lectura de tarjetas, codigo QR y software licenciado. (UNIDAD); | C55: 0 | D55: 4590752.6 | E55: =D55*1.0614 -> 4872624.8 | F55: ='GCO-040-PDT-002-f-016_Consolida'!H58 -> 1509717 | G55: =ROUNDUP(C55*E55,0) -> 0 | H55: =F55*C55 -> 0
B56: Dvr (16) Dd 2Tb Dvr Hd 1080P, Trihibrido, Conectividad Tcp/Ip, Salida Video Hdmi/Vga, Interface Sata). (UNIDAD); | C56: 1 | D56: 595200.06 | E56: =D56*1.0614 -> 631745.34 | F56: ='GCO-040-PDT-002-f-016_Consolida'!H59 -> 622107 | G56: =ROUNDUP(C56*E56,0) -> 631746 | H56: =F56*C56 -> 622107
B57: Gabinete Metálico Para Alojar Equipos, Puerta Con Chapa). (UNIDAD); | C57: 0 | E57: =D57*1.0614 -> 0 | F57: ='GCO-040-PDT-002-f-016_Consolida'!H60 -> 266267 | G57: =ROUNDUP(C57*E57,0) -> 0 | H57: =F57*C57 -> 0
B58: Sensor Infrarrojo Doble Tecnología Sensor Infrarrojo Microondas). (UNIDAD); | C58: 0 | E58: =D58*1.0614 -> 0 | F58: ='GCO-040-PDT-002-f-016_Consolida'!H61 -> 42645 | G58: =ROUNDUP(C58*E58,0) -> 0 | H58: =F58*C58 -> 0
A59: BODEGA PUERTAS DEL SOL | B59: Botón Pánico Inalámbrico Receptor De Pánico Inalámbrico Con Dos Pulsadores). (UNIDAD); | C59: 0 | D59: 97956.59 | E59: =D59*1.0614 -> 103971.12 | F59: ='GCO-040-PDT-002-f-016_Consolida'!H62 -> 276610 | G59: =ROUNDUP(C59*E59,0) -> 0 | H59: =F59*C59 -> 0
B60: Cámara Interior (Domo) Cámara Tipo Mini Domo, 1080, 2Mp, Ip66, D/N, 2,8Mm Ó 3,6Mm, 0,01Lux). (UNIDAD); | C60: 0 | D60: 205377.72 | E60: =D60*1.0614 -> 217987.91 | F60: ='GCO-040-PDT-002-f-016_Consolida'!H63 -> 234557 | G60: =ROUNDUP(C60*E60,0) -> 0 | H60: =F60*C60 -> 0
B61: Dvr (16) Dd 2Tb Dvr Hd 1080P, Trihibrido, Conectividad Tcp/Ip, Salida Video Hdmi/Vga, Interface Sata). (UNIDAD); | C61: 0 | D61: 595200.06 | E61: =D61*1.0614 -> 631745.34 | F61: ='GCO-040-PDT-002-f-016_Consolida'!H64 -> 622107 | G61: =ROUNDUP(C61*E61,0) -> 0 | H61: =F61*C61 -> 0
B62: Gabinete Metálico Para Alojar Equipos, Puerta Con Chapa). (UNIDAD); | C62: 0 | D62: 0 | E62: =D62*1.0614 -> 0 | F62: ='GCO-040-PDT-002-f-016_Consolida'!H65 -> 266267 | G62: =ROUNDUP(C62*E62,0) -> 0 | H62: =F62*C62 -> 0
B63: Sensor Infrarrojo Doble Tecnología Sensor Infrarrojo Microondas). (UNIDAD); | C63: 0 | D63: 0 | E63: =D63*1.0614 -> 0 | F63: ='GCO-040-PDT-002-f-016_Consolida'!H66 -> 42645 | G63: =ROUNDUP(C63*E63,0) -> 0 | H63: =F63*C63 -> 0
A64: SEDE BOGOTÁ | B64: Botón Pánico Inalámbrico Receptor De Pánico Inalámbrico Con Dos Pulsadores). (UNIDAD); | C64: 1 | D64: 97956.59 | E64: =D64*1.0614 -> 103971.12 | F64: ='GCO-040-PDT-002-f-016_Consolida'!H67 -> 276610 | G64: =ROUNDUP(C64*E64,0) -> 103972 | H64: =F64*C64 -> 276610
B65: Cámara Exterior (Bala) Cámara Tipo Bullet, 1080, 2Mp, 20M Ir, Ip66, 2,8Mm Ó 3,6Mm,0,01Lux). (UNIDAD); | C65: 2 | D65: 209207.36 | E65: =D65*1.0614 -> 222052.69 | F65: ='GCO-040-PDT-002-f-016_Consolida'!H68 -> 273083 | G65: =ROUNDUP(C65*E65,0) -> 444106 | H65: =F65*C65 -> 546166
B66: Cámara Interior (Domo) Cámara Tipo Mini Domo, 1080, 2Mp, Ip66, D/N, 2,8Mm Ó 3,6Mm, 0,01Lux). (UNIDAD); | C66: 42 | D66: 205377.72 | E66: =D66*1.0614 -> 217987.91 | F66: ='GCO-040-PDT-002-f-016_Consolida'!H69 -> 234557 | G66: =ROUNDUP(C66*E66,0) -> 9155493 | H66: =F66*C66 -> 9851394
B67: Control acceso de ingreso y salida biometrico sin contacto, lectura de 4 dedos en simultaneo, lectura sin contacto, para altos volumenes de personal (20000), con lectura de tarjetas, codigo QR y software licenciado. (UNIDAD); | C67: 0 | D67: 4590752.6 | E67: =D67*1.0614 -> 4872624.8 | F67: ='GCO-040-PDT-002-f-016_Consolida'!H70 -> 1509717 | G67: =ROUNDUP(C67*E67,0) -> 0 | H67: =F67*C67 -> 0
B68: Dvr (16) Dd 2Tb Dvr Hd 1080P, Trihibrido, Conectividad Tcp/Ip, Salida Video Hdmi/Vga, Interface Sata). (UNIDAD); | C68: 3 | D68: 595200.06 | E68: =D68*1.0614 -> 631745.34 | F68: ='GCO-040-PDT-002-f-016_Consolida'!H71 -> 622107 | G68: =ROUNDUP(C68*E68,0) -> 1895237 | H68: =F68*C68 -> 1866321
B69: Gabinete Metálico Para Alojar Equipos, Puerta Con Chapa). (UNIDAD); | C69: 0 | D69: 0 | E69: =D69*1.0614 -> 0 | F69: ='GCO-040-PDT-002-f-016_Consolida'!H72 -> 266267 | G69: =ROUNDUP(C69*E69,0) -> 0 | H69: =F69*C69 -> 0
B70: Monitor (Televisor 22") Televisor 22" Tipo Led). (UNIDAD); | C70: 0 | D70: 0 | E70: =D70*1.0614 -> 0 | F70: ='GCO-040-PDT-002-f-016_Consolida'!H73 -> 426259 | G70: =ROUNDUP(C70*E70,0) -> 0 | H70: =F70*C70 -> 0
A71: SEDE LETICIA | B71: Botón Pánico Fijo Pulsador De Pánico Fijo Cableado Al Panel). (UNIDAD); | C71: 1 | D71: 43125.54 | E71: =D71*1.0614 -> 45773.448 | F71: ='GCO-040-PDT-002-f-016_Consolida'!H74 -> 279783 | G71: =ROUNDUP(C71*E71,0) -> 45774 | H71: =F71*C71 -> 279783
B72: Botón Pánico Inalámbrico Receptor De Pánico Inalámbrico Con Dos Pulsadores). (UNIDAD); | C72: 0 | D72: 97956.59 | E72: =D72*1.0614 -> 103971.12 | F72: ='GCO-040-PDT-002-f-016_Consolida'!H75 -> 276610 | G72: =ROUNDUP(C72*E72,0) -> 0 | H72: =F72*C72 -> 0
B73: Cámara Exterior (Bala) Cámara Tipo Bullet, 1080, 2Mp, 20M Ir, Ip66, 2,8Mm Ó 3,6Mm,0,01Lux). (UNIDAD); | C73: 0 | D73: 209207.36 | E73: =D73*1.0614 -> 222052.69 | F73: ='GCO-040-PDT-002-f-016_Consolida'!H76 -> 273083 | G73: =ROUNDUP(C73*E73,0) -> 0 | H73: =F73*C73 -> 0
B74: Cámara Interior (Domo) Cámara Tipo Mini Domo, 1080, 2Mp, Ip66, D/N, 2,8Mm Ó 3,6Mm, 0,01Lux). (UNIDAD); | C74: 3 | D74: 205377.72 | E74: =D74*1.0614 -> 217987.91 | F74: ='GCO-040-PDT-002-f-016_Consolida'!H77 -> 234557 | G74: =ROUNDUP(C74*E74,0) -> 653964 | H74: =F74*C74 -> 703671
B75: Control acceso de ingreso y salida biometrico sin contacto, lectura de 4 dedos en simultaneo, lectura sin contacto, para altos volumenes de personal (20000), con lectura de tarjetas, codigo QR y software licenciado. (UNIDAD); | C75: 0 | D75: 4590752.6 | E75: =D75*1.0614 -> 4872624.8 | F75: ='GCO-040-PDT-002-f-016_Consolida'!H78 -> 1509717 | G75: =ROUNDUP(C75*E75,0) -> 0 | H75: =F75*C75 -> 0
B76: Dvr (8) Dd 2Tb Dvr Hd 1080P, Trihibrido, Conectividad Tcp/Ip, Salida Video Hdmi/Vga, Interface Sata). (UNIDAD); | C76: 1 | D76: 341389.32 | E76: =D76*1.0614 -> 362350.62 | F76: ='GCO-040-PDT-002-f-016_Consolida'!H79 -> 537022 | G76: =ROUNDUP(C76*E76,0) -> 362351 | H76: =F76*C76 -> 537022
B77: Gabinete Metálico Para Alojar Equipos, Puerta Con Chapa). (UNIDAD); | C77: 0 | D77: 0 | E77: =D77*1.0614 -> 0 | F77: ='GCO-040-PDT-002-f-016_Consolida'!H80 -> 266267 | G77: =ROUNDUP(C77*E77,0) -> 0 | H77: =F77*C77 -> 0
B78: Sensor Infrarrojo Doble Tecnología Sensor Infrarrojo Microondas). (UNIDAD); | C78: 0 | D78: 0 | E78: =D78*1.0614 -> 0 | F78: ='GCO-040-PDT-002-f-016_Consolida'!H81 -> 42645 | G78: =ROUNDUP(C78*E78,0) -> 0 | H78: =F78*C78 -> 0
A79: SEDE IBAGUÉ | B79: Botón Pánico Fijo Pulsador De Pánico Fijo Cableado Al Panel). (UNIDAD); | C79: 1 | D79: 43125.54 | E79: =D79*1.0614 -> 45773.448 | F79: ='GCO-040-PDT-002-f-016_Consolida'!H82 -> 279783 | G79: =ROUNDUP(C79*E79,0) -> 45774 | H79: =F79*C79 -> 279783
B80: Cámara Interior (Domo) Cámara Tipo Mini Domo, 1080, 2Mp, Ip66, D/N, 2,8Mm Ó 3,6Mm, 0,01Lux). (UNIDAD); | C80: 2 | D80: 205377.72 | E80: =D80*1.0614 -> 217987.91 | F80: ='GCO-040-PDT-002-f-016_Consolida'!H83 -> 234557 | G80: =ROUNDUP(C80*E80,0) -> 435976 | H80: =F80*C80 -> 469114
B81: Control acceso de ingreso y salida biometrico sin contacto, lectura de 4 dedos en simultaneo, lectura sin contacto, para altos volumenes de personal (20000), con lectura de tarjetas, codigo QR y software licenciado. (UNIDAD); | C81: 0 | D81: 4590752.6 | E81: =D81*1.0614 -> 4872624.8 | F81: ='GCO-040-PDT-002-f-016_Consolida'!H84 -> 1509717 | G81: =ROUNDUP(C81*E81,0) -> 0 | H81: =F81*C81 -> 0
B82: Dvr (8) Dd 2Tb Dvr Hd 1080P, Trihibrido, Conectividad Tcp/Ip, Salida Video Hdmi/Vga, Interface Sata). (UNIDAD); | C82: 1 | D82: 489458.06 | E82: =D82*1.0614 -> 519510.78 | F82: ='GCO-040-PDT-002-f-016_Consolida'!H85 -> 537022 | G82: =ROUNDUP(C82*E82,0) -> 519511 | H82: =F82*C82 -> 537022
B83: Gabinete Metálico Para Alojar Equipos, Puerta Con Chapa). (UNIDAD); | C83: 0 | D83: 0 | E83: =D83*1.0614 -> 0 | F83: ='GCO-040-PDT-002-f-016_Consolida'!H86 -> 266267 | G83: =ROUNDUP(C83*E83,0) -> 0 | H83: =F83*C83 -> 0
B84: Magnéticos Contacto Magnético Nc). (UNIDAD); | C84: 0 | D84: 37953.73 | E84: =D84*1.0614 -> 40284.089 | F84: ='GCO-040-PDT-002-f-016_Consolida'!H87 -> 43797 | G84: =ROUNDUP(C84*E84,0) -> 0 | H84: =F84*C84 -> 0
B85: Sensor Infrarrojo Doble Tecnología Sensor Infrarrojo Microondas). (UNIDAD); | C85: 0 | D85: 0 | E85: =D85*1.0614 -> 0 | F85: ='GCO-040-PDT-002-f-016_Consolida'!H88 -> 42645 | G85: =ROUNDUP(C85*E85,0) -> 0 | H85: =F85*C85 -> 0
A86: SIPSA BOGOTÁ | B86: Cámara Interior (Domo) Cámara Tipo Mini Domo, 1080, 2Mp, Ip66, D/N, 2,8Mm Ó 3,6Mm, 0,01Lux). (UNIDAD); | C86: 2 | D86: 205377.72 | E86: =D86*1.0614 -> 217987.91 | F86: ='GCO-040-PDT-002-f-016_Consolida'!H89 -> 234557 | G86: =ROUNDUP(C86*E86,0) -> 435976 | H86: =F86*C86 -> 469114
B87: Control acceso de ingreso y salida biometrico sin contacto, lectura de 4 dedos en simultaneo, lectura sin contacto, para altos volumenes de personal (20000), con lectura de tarjetas, codigo QR y software licenciado. (UNIDAD); | C87: 0 | D87: 4590752.6 | E87: =D87*1.0614 -> 4872624.8 | F87: ='GCO-040-PDT-002-f-016_Consolida'!H90 -> 1509717 | G87: =ROUNDUP(C87*E87,0) -> 0 | H87: =F87*C87 -> 0
B88: Dvr (8) Dd 2Tb Dvr Hd 1080P, Trihibrido, Conectividad Tcp/Ip, Salida Video Hdmi/Vga, Interface Sata). (UNIDAD); | C88: 1 | D88: 489458.06 | E88: =D88*1.0614 -> 519510.78 | F88: ='GCO-040-PDT-002-f-016_Consolida'!H91 -> 537022 | G88: =ROUNDUP(C88*E88,0) -> 519511 | H88: =F88*C88 -> 537022
B89: Gabinete Metálico Para Alojar Equipos, Puerta Con Chapa). (UNIDAD); | C89: 0 | D89: 0 | E89: =D89*1.0614 -> 0 | F89: ='GCO-040-PDT-002-f-016_Consolida'!H92 -> 266267 | G89: =ROUNDUP(C89*E89,0) -> 0 | H89: =F89*C89 -> 0
B90: Magnéticos Contacto Magnético Nc). (UNIDAD); | C90: 1 | D90: 37953.73 | E90: =D90*1.0614 -> 40284.089 | F90: ='GCO-040-PDT-002-f-016_Consolida'!H93 -> 43797 | G90: =ROUNDUP(C90*E90,0) -> 40285 | H90: =F90*C90 -> 43797
B91: Sensor Infrarrojo Doble Tecnología Sensor Infrarrojo Microondas). (UNIDAD); | C91: 0 | D91: 0 | E91: =D91*1.0614 -> 0 | F91: ='GCO-040-PDT-002-f-016_Consolida'!H94 -> 42645 | G91: =ROUNDUP(C91*E91,0) -> 0 | H91: =F91*C91 -> 0
A92: SEDE BARRANQUILLA | B92: Botón Pánico Fijo Pulsador De Pánico Fijo Cableado Al Panel). (UNIDAD); | C92: 1 | D92: 43125.54 | E92: =D92*1.0614 -> 45773.448 | F92: ='GCO-040-PDT-002-f-016_Consolida'!H95 -> 279783 | G92: =ROUNDUP(C92*E92,0) -> 45774 | H92: =F92*C92 -> 279783
B93: Cámara Exterior (Bala) Cámara Tipo Bullet, 1080, 2Mp, 20M Ir, Ip66, 2,8Mm Ó 3,6Mm,0,01Lux). (UNIDAD); | C93: 4 | D93: 209207.36 | E93: =D93*1.0614 -> 222052.69 | F93: ='GCO-040-PDT-002-f-016_Consolida'!H96 -> 273083 | G93: =ROUNDUP(C93*E93,0) -> 888211 | H93: =F93*C93 -> 1092332
B94: Cámara Interior (Domo) Cámara Tipo Mini Domo, 1080, 2Mp, Ip66, D/N, 2,8Mm Ó 3,6Mm, 0,01Lux). (UNIDAD); | C94: 19 | D94: 205377.72 | E94: =D94*1.0614 -> 217987.91 | F94: ='GCO-040-PDT-002-f-016_Consolida'!H97 -> 234557 | G94: =ROUNDUP(C94*E94,0) -> 4141771 | H94: =F94*C94 -> 4456583
B95: Control acceso de ingreso y salida biometrico sin contacto, lectura de 4 dedos en simultaneo, lectura sin contacto, para altos volumenes de personal (20000), con lectura de tarjetas, codigo QR y software licenciado. (UNIDAD); | C95: 0 | D95: 4590752.6 | E95: =D95*1.0614 -> 4872624.8 | F95: ='GCO-040-PDT-002-f-016_Consolida'!H98 -> 1509717 | G95: =ROUNDUP(C95*E95,0) -> 0 | H95: =F95*C95 -> 0
B96: Dvr (16) Dd 2Tb Dvr Hd 1080P, Trihibrido, Conectividad Tcp/Ip, Salida Video Hdmi/Vga, Interface Sata). (UNIDAD); | C96: 1 | D96: 595200.06 | E96: =D96*1.0614 -> 631745.34 | F96: ='GCO-040-PDT-002-f-016_Consolida'!H99 -> 622107 | G96: =ROUNDUP(C96*E96,0) -> 631746 | H96: =F96*C96 -> 622107
B97: Dvr (8) Dd 2Tb Dvr Hd 1080P, Trihibrido, Conectividad Tcp/Ip, Salida Video Hdmi/Vga, Interface Sata). (UNIDAD); | C97: 1 | D97: 489458.06 | E97: =D97*1.0614 -> 519510.78 | F97: ='GCO-040-PDT-002-f-016_Consolida'!H100 -> 520038 | G97: =ROUNDUP(C97*E97,0) -> 519511 | H97: =F97*C97 -> 520038
B98: Gabinete Metálico Para Alojar Equipos, Puerta Con Chapa). (UNIDAD); | C98: 0 | D98: 0 | E98: =D98*1.0614 -> 0 | F98: ='GCO-040-PDT-002-f-016_Consolida'!H101 -> 266267 | G98: =ROUNDUP(C98*E98,0) -> 0 | H98: =F98*C98 -> 0
B99: Sensor Infrarrojo Doble Tecnología Sensor Infrarrojo Microondas). (UNIDAD); | C99: 0 | D99: 0 | E99: =D99*1.0614 -> 0 | F99: ='GCO-040-PDT-002-f-016_Consolida'!H102 -> 42645 | G99: =ROUNDUP(C99*E99,0) -> 0 | H99: =F99*C99 -> 0
A100: SEDE CARTAGENA | B100: Botón Pánico Fijo Pulsador De Pánico Fijo Cableado Al Panel). (UNIDAD); | C100: 2 | D100: 43125.54 | E100: =D100*1.0614 -> 45773.448 | F100: ='GCO-040-PDT-002-f-016_Consolida'!H103 -> 279783 | G100: =ROUNDUP(C100*E100,0) -> 91547 | H100: =F100*C100 -> 559566
B101: Cámara Interior (Domo) Cámara Tipo Mini Domo, 1080, 2Mp, Ip66, D/N, 2,8Mm Ó 3,6Mm, 0,01Lux). (UNIDAD); | C101: 4 | D101: 205377.72 | E101: =D101*1.0614 -> 217987.91 | F101: ='GCO-040-PDT-002-f-016_Consolida'!H104 -> 234557 | G101: =ROUNDUP(C101*E101,0) -> 871952 | H101: =F101*C101 -> 938228
B102: Control acceso de ingreso y salida biometrico sin contacto, lectura de 4 dedos en simultaneo, lectura sin contacto, para altos volumenes de personal (20000), con lectura de tarjetas, codigo QR y software licenciado. (UNIDAD); | C102: 0 | D102: 4590752.6 | E102: =D102*1.0614 -> 4872624.8 | F102: ='GCO-040-PDT-002-f-016_Consolida'!H105 -> 1509717 | G102: =ROUNDUP(C102*E102,0) -> 0 | H102: =F102*C102 -> 0
B103: Dvr (8) Dd 2Tb Dvr Hd 1080P, Trihibrido, Conectividad Tcp/Ip, Salida Video Hdmi/Vga, Interface Sata). (UNIDAD); | C103: 1 | D103: 489458.06 | E103: =D103*1.0614 -> 519510.78 | F103: ='GCO-040-PDT-002-f-016_Consolida'!H106 -> 520038 | G103: =ROUNDUP(C103*E103,0) -> 519511 | H103: =F103*C103 -> 520038
B104: Gabinete Metálico Para Alojar Equipos, Puerta Con Chapa). (UNIDAD); | C104: 0 | D104: 0 | E104: =D104*1.0614 -> 0 | F104: ='GCO-040-PDT-002-f-016_Consolida'!H107 -> 266267 | G104: =ROUNDUP(C104*E104,0) -> 0 | H104: =F104*C104 -> 0
B105: Magnéticos Contacto Magnético Nc). (UNIDAD); | C105: 0 | D105: 37953.73 | E105: =D105*1.0614 -> 40284.089 | F105: ='GCO-040-PDT-002-f-016_Consolida'!H108 -> 43797 | G105: =ROUNDUP(C105*E105,0) -> 0 | H105: =F105*C105 -> 0
B106: Sensor Infrarrojo Doble Tecnología Sensor Infrarrojo Microondas). (UNIDAD); | C106: 0 | D106: 0 | E106: =D106*1.0614 -> 0 | F106: ='GCO-040-PDT-002-f-016_Consolida'!H109 -> 42645 | G106: =ROUNDUP(C106*E106,0) -> 0 | H106: =F106*C106 -> 0
A107: SEDE RIOHACHA | B107: Botón Pánico Fijo Pulsador De Pánico Fijo Cableado Al Panel). (UNIDAD); | C107: 3 | D107: 43125.54 | E107: =D107*1.0614 -> 45773.448 | F107: ='GCO-040-PDT-002-f-016_Consolida'!H110 -> 279783 | G107: =ROUNDUP(C107*E107,0) -> 137321 | H107: =F107*C107 -> 839349
B108: Cámara Exterior (Bala) Cámara Tipo Bullet, 1080, 2Mp, 20M Ir, Ip66, 2,8Mm Ó 3,6Mm,0,01Lux). (UNIDAD); | C108: 2 | D108: 209207.36 | E108: =D108*1.0614 -> 222052.69 | F108: ='GCO-040-PDT-002-f-016_Consolida'!H111 -> 273083 | G108: =ROUNDUP(C108*E108,0) -> 444106 | H108: =F108*C108 -> 546166
B109: Cámara Interior (Domo) Cámara Tipo Mini Domo, 1080, 2Mp, Ip66, D/N, 2,8Mm Ó 3,6Mm, 0,01Lux). (UNIDAD); | C109: 7 | D109: 205377.72 | E109: =D109*1.0614 -> 217987.91 | F109: ='GCO-040-PDT-002-f-016_Consolida'!H112 -> 234557 | G109: =ROUNDUP(C109*E109,0) -> 1525916 | H109: =F109*C109 -> 1641899
B110: Control acceso de ingreso y salida biometrico sin contacto, lectura de 4 dedos en simultaneo, lectura sin contacto, para altos volumenes de personal (20000), con lectura de tarjetas, codigo QR y software licenciado. (UNIDAD); | C110: 0 | D110: 4590752.6 | E110: =D110*1.0614 -> 4872624.8 | F110: ='GCO-040-PDT-002-f-016_Consolida'!H113 -> 1509717 | G110: =ROUNDUP(C110*E110,0) -> 0 | H110: =F110*C110 -> 0
B111: Dvr (16) Dd 2Tb Dvr Hd 1080P, Trihibrido, Conectividad Tcp/Ip, Salida Video Hdmi/Vga, Interface Sata). (UNIDAD); | C111: 1 | D111: 595200.06 | E111: =D111*1.0614 -> 631745.34 | F111: ='GCO-040-PDT-002-f-016_Consolida'!H114 -> 622107 | G111: =ROUNDUP(C111*E111,0) -> 631746 | H111: =F111*C111 -> 622107
B112: Gabinete Metálico Para Alojar Equipos, Puerta Con Chapa). (UNIDAD); | C112: 0 | E112: =D112*1.0614 -> 0 | F112: ='GCO-040-PDT-002-f-016_Consolida'!H115 -> 266267 | G112: =ROUNDUP(C112*E112,0) -> 0 | H112: =F112*C112 -> 0
B113: Magnéticos Contacto Magnético Nc). (UNIDAD); | C113: 2 | D113: 37953.73 | E113: =D113*1.0614 -> 40284.089 | F113: ='GCO-040-PDT-002-f-016_Consolida'!H116 -> 43797 | G113: =ROUNDUP(C113*E113,0) -> 80569 | H113: =F113*C113 -> 87594
B114: Sensor Infrarrojo Doble Tecnología Sensor Infrarrojo Microondas). (UNIDAD); | C114: 0 | E114: =D114*1.0614 -> 0 | F114: ='GCO-040-PDT-002-f-016_Consolida'!H117 -> 42645 | G114: =ROUNDUP(C114*E114,0) -> 0 | H114: =F114*C114 -> 0
A115: SEDE SAN ANDRÉS | B115: Botón Pánico Inalámbrico Receptor De Pánico Inalámbrico Con Dos Pulsadores). (UNIDAD); | C115: 0 | D115: 97956.59 | E115: =D115*1.0614 -> 103971.12 | F115: ='GCO-040-PDT-002-f-016_Consolida'!H118 -> 276610 | G115: =ROUNDUP(C115*E115,0) -> 0 | H115: =F115*C115 -> 0
B116: Cámara Exterior (Bala) Cámara Tipo Bullet, 1080, 2Mp, 20M Ir, Ip66, 2,8Mm Ó 3,6Mm,0,01Lux). (UNIDAD); | C116: 2 | D116: 209207.36 | E116: =D116*1.0614 -> 222052.69 | F116: ='GCO-040-PDT-002-f-016_Consolida'!H119 -> 273083 | G116: =ROUNDUP(C116*E116,0) -> 444106 | H116: =F116*C116 -> 546166
B117: Cámara Interior (Domo) Cámara Tipo Mini Domo, 1080, 2Mp, Ip66, D/N, 2,8Mm Ó 3,6Mm, 0,01Lux). (UNIDAD); | C117: 10 | D117: 205377.72 | E117: =D117*1.0614 -> 217987.91 | F117: ='GCO-040-PDT-002-f-016_Consolida'!H120 -> 234557 | G117: =ROUNDUP(C117*E117,0) -> 2179880 | H117: =F117*C117 -> 2345570
B118: Control acceso de ingreso y salida biometrico sin contacto, lectura de 4 dedos en simultaneo, lectura sin contacto, para altos volumenes de personal (20000), con lectura de tarjetas, codigo QR y software licenciado. (UNIDAD); | C118: 0 | D118: 4590752.6 | E118: =D118*1.0614 -> 4872624.8 | F118: ='GCO-040-PDT-002-f-016_Consolida'!H121 -> 1509717 | G118: =ROUNDUP(C118*E118,0) -> 0 | H118: =F118*C118 -> 0
B119: Dvr (16) Dd 2Tb Dvr Hd 1080P, Trihibrido, Conectividad Tcp/Ip, Salida Video Hdmi/Vga, Interface Sata). (UNIDAD); | C119: 1 | D119: 595200.06 | E119: =D119*1.0614 -> 631745.34 | F119: ='GCO-040-PDT-002-f-016_Consolida'!H122 -> 622107 | G119: =ROUNDUP(C119*E119,0) -> 631746 | H119: =F119*C119 -> 622107
B120: Gabinete Metálico Para Alojar Equipos, Puerta Con Chapa). (UNIDAD); | C120: 0 | D120: 0 | E120: =D120*1.0614 -> 0 | F120: ='GCO-040-PDT-002-f-016_Consolida'!H123 -> 266267 | G120: =ROUNDUP(C120*E120,0) -> 0 | H120: =F120*C120 -> 0
B121: Magnéticos Contacto Magnético Nc). (UNIDAD); | C121: 2 | D121: 37953.73 | E121: =D121*1.0614 -> 40284.089 | F121: ='GCO-040-PDT-002-f-016_Consolida'!H124 -> 43797 | G121: =ROUNDUP(C121*E121,0) -> 80569 | H121: =F121*C121 -> 87594
B122: Sensor Infrarrojo Doble Tecnología Sensor Infrarrojo Microondas). (UNIDAD); | C122: 0 | D122: 0 | E122: =D122*1.0614 -> 0 | F122: ='GCO-040-PDT-002-f-016_Consolida'!H125 -> 42645 | G122: =ROUNDUP(C122*E122,0) -> 0 | H122: =F122*C122 -> 0
A123: SEDE SANTA MARTA | B123: Botón Pánico Fijo Pulsador De Pánico Fijo Cableado Al Panel). (UNIDAD); | C123: 0 | D123: 43125.54 | E123: =D123*1.0614 -> 45773.448 | F123: ='GCO-040-PDT-002-f-016_Consolida'!H126 -> 279783 | G123: =ROUNDUP(C123*E123,0) -> 0 | H123: =F123*C123 -> 0
...

Sheet Proyección Costos
B1: Costos por territorial
C2: 2026 | G2: 2027 | K2: 2028 | O2: 2029
B3: TERRITORIAL | C3: TOTAL PERSONAL HUMANO - SERVICIOS | D3: Valor total promedio incluido IVA | E3: TOTAL MEDIOS (ELEMENTOS) | F3: Valor total promedio incluido IVA | G3: TOTAL PERSONAL HUMANO | H3: Valor total promedio incluido IVA | I3: TOTAL MEDIOS (ELEMENTOS) | J3: Valor total promedio incluido IVA | K3: TOTAL PERSONAL HUMANO | L3: Valor total promedio incluido IVA | M3: TOTAL MEDIOS (ELEMENTOS) | N3: Valor total promedio incluido IVA | O3: TOTAL PERSONAL HUMANO | P3: Valor total promedio incluido IVA | Q3: TOTAL MEDIOS (ELEMENTOS) | R3: Valor total promedio incluido IVA
B4: DANE CENTRAL | C4: 14 | D4: =SUM(Costos!G5:G10) -> 136681969 | E4: =SUM(Costos!C40:C63) -> 144 | F4: =SUM(Costos!G40:G63) -> 66655626 | G4: 14 | H4: =(D4*$E$17)+D4 -> 1.4611302e+08 | I4: 144 | J4: =(F4*$F$17)+F4 -> 66655626 | K4: 14 | L4: =(H4*$E$18)+H4 -> 1.5414924e+08 | M4: 144 | N4: =(J4*$F$18)+J4 -> 66655626 | O4: 14 | P4: =(L4*$E$19)+L4 -> 1.6231915e+08 | Q4: 144 | R4: =(N4*$F$19)+N4 -> 66655626
B5: CENTRO | C5: 5 | D5: =SUM(Costos!G11:G14) -> 42979238 | E5: =SUM(Costos!C64:C91) -> 61 | F5: =SUM(Costos!G64:G91) -> 14657930 | G5: 5 | H5: =(D5*$E$17)+D5 -> 45944805 | I5: 61 | J5: =(F5*$F$17)+F5 -> 14657930 | K5: 5 | L5: =(H5*$E$18)+H5 -> 48471770 | M5: 61 | N5: =(J5*$F$18)+J5 -> 14657930 | O5: 5 | P5: =(L5*$E$19)+L5 -> 51040774 | Q5: 61 | R5: =(N5*$F$19)+N5 -> 14657930
B6: NORTE | C6: 8 | D6: =SUM(Costos!G15:G22) -> 60265086 | E6: =SUM(Costos!C92:C158) -> 125 | F6: =SUM(Costos!G92:G158) -> 26011858 | G6: 8 | H6: =(D6*$E$17)+D6 -> 64423377 | I6: 125 | J6: =(F6*$F$17)+F6 -> 26011858 | K6: 8 | L6: =(H6*$E$18)+H6 -> 67966663 | M6: 125 | N6: =(J6*$F$18)+J6 -> 26011858 | O6: 8 | P6: =(L6*$E$19)+L6 -> 71568896 | Q6: 125 | R6: =(N6*$F$19)+N6 -> 26011858
B7: CENTRO ORIENTE | C7: 4 | D7: =SUM(Costos!G23:G26) -> 23047796 | E7: =SUM(Costos!C159:C192) -> 47 | F7: =SUM(Costos!G159:G192) -> 10083652 | G7: 4 | H7: =(D7*$E$17)+D7 -> 24638094 | I7: 47 | J7: =(F7*$F$17)+F7 -> 10083652 | K7: 4 | L7: =(H7*$E$18)+H7 -> 25993189 | M7: 47 | N7: =(J7*$F$18)+J7 -> 10083652 | O7: 4 | P7: =(L7*$E$19)+L7 -> 27370828 | Q7: 47 | R7: =(N7*$F$19)+N7 -> 10083652
B8: SUROCCIDENTE | C8: 4 | D8: =SUM(Costos!G27:G30) -> 37324726 | E8: =SUM(Costos!C193:C228) -> 57 | F8: =SUM(Costos!G193:G228) -> 12610800 | G8: 4 | H8: =(D8*$E$17)+D8 -> 39900132 | I8: 57 | J8: =(F8*$F$17)+F8 -> 12610800 | K8: 4 | L8: =(H8*$E$18)+H8 -> 42094639 | M8: 57 | N8: =(J8*$F$18)+J8 -> 12610800 | O8: 4 | P8: =(L8*$E$19)+L8 -> 44325655 | Q8: 57 | R8: =(N8*$F$19)+N8 -> 12610800
B9: NOROCCIDENTE | C9: 4 | D9: =SUM(Costos!G31:G34) -> 51237313 | E9: =SUM(Costos!C229:C266) -> 66 | F9: =SUM(Costos!G229:G266) -> 18867099 | G9: 4 | H9: =(D9*$E$17)+D9 -> 54772688 | I9: 66 | J9: =(F9*$F$17)+F9 -> 18867099 | K9: 4 | L9: =(H9*$E$18)+H9 -> 57785185 | M9: 66 | N9: =(J9*$F$18)+J9 -> 18867099 | O9: 4 | P9: =(L9*$E$19)+L9 -> 60847800 | Q9: 66 | R9: =(N9*$F$19)+N9 -> 18867099
B10: SURORIENTE | C10: 4 | D10: =SUM(Costos!G35:G38) -> 37324726 | E10: =SUM(Costos!C267:C326) -> 72 | F10: =SUM(Costos!G267:G326) -> 16161348 | G10: 4 | H10: =(D10*$E$17)+D10 -> 39900132 | I10: 72 | J10: =(F10*$F$17)+F10 -> 16161348 | K10: 4 | L10: =(H10*$E$18)+H10 -> 42094639 | M10: 72 | N10: =(J10*$F$18)+J10 -> 16161348 | O10: 4 | P10: =(L10*$E$19)+L10 -> 44325655 | Q10: 72 | R10: =(N10*$F$19)+N10 -> 16161348
B11: TOTALES | C11: =SUM(C4:C10) -> 43 | D11: =SUM(D4:D10) -> 388860854 | E11: =SUM(E4:E10) -> 572 | F11: =SUM(F4:F10) -> 165048313 | G11: =SUM(G4:G10) -> 43 | H11: =SUM(H4:H10) -> 4.1569225e+08 | I11: =SUM(I4:I10) -> 572 | J11: =SUM(J4:J10) -> 165048313 | ... R11: =SUM(R4:R10) -> 165048313
C15: VIGENCIA | D15: MESES | E15: TASA % TH | F15: % IPC | K15: =(E23*E17)+E23 -> 4.1569225e+08 | L15: =(F23*E18)+F23 -> 4.3855533e+08 | M15: =(G23*E19)+G23 -> 4.6179876e+08
C16: 2026 | D16: 2 | E16: N/A | H16: El total del incremento corresponde a la sumatoria de la tasa de incremento del salario mínimo + la tasa de incremento del IPC para los medios. NOTA: Para la vigencia 2026, teniendo en cuenta los valores cotizados, no se aplican tasa teniendo en cuenta que dichos valores cuentan con los incrementos establecido por ley.
C17: 2027 | D17: 12 | E17: 0.069 | F17: 0 | G17: =E17+F17 -> 0.069
C18: 2028 | D18: 12 | E18: 0.055 | F18: 0 | G18: =E18+F18 -> 0.055
C19: 2029 | D19: 11 | E19: 0.053 | F19: 0 | G19: =E19+F19 -> 0.053
C20: TOTAL | D20: =SUM(D16:D19) -> 37
C22: CONCEPTO | D22: CANTIDAD | E22: Valor Prom. Cotizaciones 2026 | F22: 2027 | G22: 2028 | H22: 2029 | I22: TOTALES
C23: Talento Humano | E23: =D11 -> 388860854 | F23: =E23+(E23*E17) -> 4.1569225e+08 | G23: =F23+(F23*E18) -> 4.3855533e+08 | H23: =G23+(G23*E19) -> 4.6179876e+08 | I23: =SUM(E23:H23) -> 1.7049072e+09
C24: Medios Tecnologicos | E24: =F11 -> 165048313 | F24: =E24+(E24*F17) -> 165048313 | G24: =F24+(F24*F18) -> 165048313 | H24: =G24+(G24*F19) -> 165048313 | I24: =SUM(E24:H24) -> 660193252
C25: TOTAL MES | E25: =SUM(E23:E24) -> 553909167 | F25: =SUM(F23:F24) -> 5.8074057e+08 | G25: =SUM(G23:G24) -> 6.0360364e+08 | H25: =SUM(H23:H24) -> 6.2684707e+08 | I25: =SUM(I23:I24) -> 2.3651004e+09
C26: TOTAL VIGENCIA | E26: 1107818334 | F26: 6.9688868e+09 | G26: 7.2432437e+09 | H26: 6.8953178e+09 | I26: =SUM(E26:H26) -> 2.2215267e+10 | J26: =I26/1750905 -> 12687.877
C27: TOTAL REDONDEADO | E27: =ROUND(E26,0) -> 1107818334 | F27: =ROUND(F26,0) -> 6968886791 | G27: =ROUND(G26,0) -> 7243243678 | H27: =ROUND(H26,0) -> 6895317794 | I27: =SUM(E27:H27) -> 22215266597
C29: CONCEPTO | D29: VALOR APALANCAMIENTO | E29: VALOR VF | F29: TOTAL CONTRATO
C30: Talento Humano | D30: =+E23*D16 -> 777721708 | E30: =+(F23*12)+(G23*12)+(H23*11) -> 1.5330757e+10 | F30: =+D30+E30 -> 1.6108479e+10
C31: Medios Tecnologicos | D31: =+E24*D16 -> 330096626 | E31: =+(F24*12)+(G24*12)+(H24*11) -> 5776690955 | F31: =+D31+E31 -> 6106787581
C32: TOTAL VIGENCIA | D32: =SUM(D30:D31) -> 1107818334 | E32: =SUM(E30:E31) -> 2.1107448e+10 | F32: =+D32+E32 -> 2.2215267e+10
C33: TOTAL REDONDEADO | D33: =ROUND(D32,0) -> 1107818334 | E33: =ROUND(E32,0) -> 21107448263 | F33: =+D33+E33 -> 22215266597
C35: BASE PROYECCIÓN: Las proyecciones de IPC se estiman con base en las expectativas del Banco de la República y escenarios macroeconómicos del Gobierno Nacional, considerando una convergencia gradual hacia la meta de inflación de largo plazo (3%).
C36: IPC BASE | D36: Datos DANE
D37: Tendencia decreciente post choque inflacionario
D38: Meta de inflación: 3% Banco de la República.
B41: Impactos directos en vigilancia:
B42: 1. Incremento salarial base (normativo) | C42: 2. REFORMA LABORAL | D42: OBSERVACIONES
B43: Regla típica: Incremento = IPC causado + factor adicional (~1,5% – 2%) | C43: 1. Recargo nocturno desde 7pm (antes 9pm) | D43: La proyección de costos de talento humano se estimó considerando: (i) incrementos salariales definidos por el Gobierno Nacional (IPC más factor adicional), (ii) el efecto del salario mínimo sobre estructuras de costos del sector de vigilancia, y (iii) el impacto de la reforma laboral, especialmente en recargos nocturnos, dominicales y reducción de jornada, lo cual genera un incremento estructural en servicios intensivos en turnos 24/7.
C44: 2. Dominicales: 2026: hasta 90% 2027: hasta 100%
C45: 3. Reducción jornada laboral (42h)
C46: Impacto estimado sectorial: +8% a +12% sobre costos laborales

Sheet Resumen Vigencias
C2: VIGENCIA | D2: MESES | E2: COSTO | F2: VL. REDONDEADO
C3: 2026 | D3: 2 | E3: ='Proyección Costos'!E27 -> 1107818334 | F3: ='Proyección Costos'!E27 -> 1107818334
C4: 2027 | D4: 12 | E4: 6.9688868e+09 | F4: ='Proyección Costos'!F27 -> 6968886791
C5: 2028 | D5: 12 | E5: 7.2432437e+09 | F5: ='Proyección Costos'!G27 -> 7243243678
C6: 2029 | D6: 11 | E6: 6.8953178e+09 | F6: ='Proyección Costos'!H27 -> 6895317794
C7: TOTAL | D7: =SUM(D3:D6) -> 37 | E7: =SUM(E3:E6) -> 2.2215267e+10 | F7: =ROUNDUP(SUM(F3:F6),0) -> 22215266597
